 Dungeon Crawl Stone Soup version 0.32-a0-630-g46d191b0ed (webtiles) character file.

Game seed: 11494574965597205668

10196 adelrune the Skirmisher (level 11, -8/78 HPs)
             Began as a Coglin Hunter on Mar 7, 2024.
             Was a Follower of Hepliaklqana.
             Mangled by a blink frog (13 damage)
             ... on level 9 of the Dungeon.
             The game lasted 00:17:45 (9308 turns).

adelrune the Skirmisher (Coglin Hunter)             Turns: 9308, Time: 00:17:46

Health: -8/78      AC: 11    Str: 13    XL:     11   Next: 58%
Magic:  9/11       EV: 17    Int:  8    God:    Hepliaklqana [*.....]
Gold:   425        SH:  0    Dex: 21    Spells: 10/10 levels left

rFire   + . .        a - +2 sling {Liang}
rCold   . . .        d - +0 sling {Caihong}
rNeg    . . .        H - +2 leather armour {rF+}
rPois   .            G - +0 helmet
rElec   .            C - +0 cloak
rCorr   .            E - +2 pair of gloves {Stlth+}
SInv    .            g - +0 pair of boots
Will    .....        (amulet unavailable)
Stlth   ++++         (ring unavailable)
HPRegen 0.33/turn    (ring unavailable)
MPRegen 0.12/turn    (no gizmo)

%: no passive effects
@: revved
A: reduced essence, off-hand wielding, slow wielding, warmup strikes, no
jewellery
a: Invent Gizmo, Renounce Religion, Recall Ancestor, Ancestor Identity


You were on level 9 of the Dungeon.
You worshipped Hepliaklqana.
Hepliaklqana was aware of your devotion.
You visited 3 branches of the dungeon, and saw 11 of its levels.

You collected 627 gold pieces.
You spent 202 gold pieces at shops.

Inventory:

Hand Weapons
 a - a +2 sling (weapon) {Liang}
 d - a +0 sling (offhand) {Caihong}
 v - a +4 dagger of speed
Missiles
 y - 2 throwing nets
Armour
 g - a +0 pair of boots (worn)
 C - a +0 cloak (worn)
 E - a +2 pair of gloves of stealth (worn)
 G - a +0 helmet (worn)
 H - a +2 leather armour of fire resistance (worn)
 J - +0 steam dragon scales
Wands
 x - a wand of flame (60)
Scrolls
 b - a scroll of butterflies
 c - a scroll of silence {unknown}
 f - a scroll of torment {unknown}
 h - 2 scrolls of noise {unknown}
 i - 7 scrolls of identify {unknown}
 j - 2 scrolls of vulnerability {unknown}
 l - 4 scrolls of teleportation
 o - 2 scrolls of enchant weapon {unknown}
 q - a scroll of acquirement {unknown}
 t - a scroll of revelation {unknown}
 w - a scroll of amnesia {unknown}
 A - 2 scrolls of fear {unknown}
 D - 2 scrolls of brand weapon {unknown}
 F - 3 scrolls of blinking {unknown}
 K - a scroll of poison {unknown}
Potions
 e - 4 potions of heal wounds {unknown}
 k - a potion of resistance {unknown}
 m - 2 potions of degeneration {unknown}
 n - 3 potions of lignification {unknown}
 p - 3 potions of mutation {unknown}
 r - 5 potions of curing
 s - 2 potions of might {unknown}
 z - a potion of brilliance {unknown}
 B - 3 potions of haste {unknown}
 I - a potion of enlightenment {unknown}
 L - a potion of ambrosia {unknown}
 M - a potion of attraction {unknown}


   Skills:
 + Level 8.6 Fighting
 * Level 11.4 Ranged Weapons
 + Level 7.9 Dodging
 + Level 6.3 Stealth


You had 10 spell levels left.
You didn't know any spells.
Your spell library contained the following spells:

 Spells                   Type           Power      Damage    Failure   Level
 Apportation              Tloc           0%         N/A       50%         1
 Necrotise                Necr           0%         1d4       50%         1
 Sting                    Conj/Alch      0%         1d3       50%         1
 Summon Small Mammal      Summ           0%         N/A       50%         1
 Ensorcelled Hibernation  Hex/Ice        0%         N/A       63%         2
 Fugue of the Fallen      Necr           0%         N/A       86%         3
 Hailstorm                Conj/Ice       0%         3d5       86%         3
 Summon Ice Beast         Ice/Summ       0%         N/A       86%         3
 Anguish                  Hex/Necr       0%         N/A       99%         4
 Leda's Liquefaction      Alch/Erth      0%         N/A       99%         4
 Olgreb's Toxic Radiance  Alch           0%         N/A       99%         4
 Petrify                  Alch/Erth      0%         N/A       99%         4
 Fireball                 Conj/Fire      0%         3d3       100%        5
 Sculpt Simulacrum        Ice/Alch       0%         N/A       100%        6


Dungeon Overview and Level Annotations

Branches:
Dungeon (9/15)             Temple (1/1) D:7            Lair (1/5) D:9
    Orc: D:9-12

Altars:
Ashenzari
Cheibriados
Dithmenos
Elyvilon
Fedhas
Gozag
Hepliaklqana
Kikubaaqudgha
Makhleb
Nemelex Xobeh
Okawaru
Qazlal
Ru
Sif Muna
Trog
Uskayaw
Vehumet
Wu Jian
Xom
Yredelemnul
Zin
The Shining One
Beogh

Shops:
D:4 =   D:6 [


Innate Abilities, Weirdness & Mutations

Your life essence is reduced to manifest your ancestor. (-10% HP)
You can wield a second weapon in your off-hand.
It takes a long time for you to wield or remove held weapons.
Your first few attacks do less damage.
You cannot equip rings or amulets.


Message History

The blink frog is severely wounded.
The black mamba closely misses you. The blink frog misses you.
The blink frog closely misses you.
You shoot a sling bullet. The sling bullet misses the blink frog.
You shoot a sling bullet. The sling bullet hits the blink frog!
The blink frog is almost dead.
The black mamba closely misses you. The black mamba barely misses you.
The blink frog completely misses you.
You shoot a sling bullet. The sling bullet hits the blink frog!
You kill the blink frog!
You shoot a sling bullet. The black mamba bites you!
The blink frog hits you but does no damage.
The black mamba closely misses you.
Fukhles is recalled.
The black mamba bites you.
You are poisoned.
The black mamba poisons you!
Fukhles barely misses the black mamba.
The blink frog hits you but does no damage.
The black mamba completely misses you.
You feel better. The black mamba bites you! The blink frog hits you!
Fukhles hits the black mamba!
Aiming: Mindburst
Press: ? - help, Shift-Dir - straight line, f - black mamba
Aim: a black mamba (lightly wounded, ally target, chance to affect: 64%)
The black mamba struggles to resist.
The now-empty wand crumbles to dust.
The black mamba misses you. The blink frog hits you!
* * * LOW HITPOINT WARNING * * *
The black mamba bites you but does no damage.
Fukhles hits the black mamba.
The blink frog hits you but does no damage.
You shoot a sling bullet.
The sling bullet misses the black mamba.
You shoot a sling bullet.
The sling bullet closely misses the black mamba.
The black mamba completely misses you.
Fukhles closely misses the black mamba.
The black mamba bites you!
* * * LOW HITPOINT WARNING * * *
The blink frog hits you!
You die...
Hepliaklqana delivers you to your ancestors.

##### ##..####.........# #..##
#...####.#..............### #....
........####.#...P...##.k.# #...#
#.#......# #....P....P..>.####..#
#.##.....##....P...........# ##.#
#.................P.P......## #..
#..........P.P.P.....PP..... #†.
..†......#.....####.P..P...#.....
...........P...#@F#........##....
.....#.........#RS+...P.#.#......
.....#...#.P.P.####..P...###.....
......#.##..P.P.P........###.....
......#......P.....P..P...##.....
....#...........P.P..P...........
.##..#...........P...............
.....##......<........#..........
....##...##...#..................


You could see the friendly Fukhles the ancestor, a black mamba (ally target) and
a blink frog.

Vanquished Creatures
  A two-headed ogre (D:9)
  Pikel (D:8)
  Jeremiah (D:6)
  Maggie (D:8)
  A kobold demonologist (D:8)
  A troll (D:9)
  2 blink frogs (D:9)
  Prince Ribbit (D:6)
  A wyvern (D:8)
  14 yaks
  Grum (D:8)
  A steam dragon (D:9)
  Menkaure (D:5)
  6 orc warriors
  2 ice beasts (D:8)
  A sky beast (D:6)
  An ogre (D:6)
  3 wolves (D:8)
  2 centaurs
  A phantom (D:6)
  4 lemures (D:8)
  2 kobold brigands (D:8)
  2 bullfrogs (D:9)
  5 scorpions
  7 wights
  15 killer bees
  3 howler monkeys
  A jelly (D:7)
  2 bombardier beetles
  3 gnoll boudas
  5 hounds
  5 orc priests
  2 iguanas
  Ijyb (D:3)
  2 sleepcaps
  5 orc wizards
  9 gnolls
  7 adders
  3 shadow imps
  2 ufetubi (D:7)
  3 dart slugs
  3 ribbon worms
  51 orcs
  5 ball pythons
  7 bats
  7 endoplasms
  3 giant cockroaches
  6 goblins
  10 hobgoblins
  6 jackals
  14 kobolds
  5 quokkas
  3 frilled lizards (D:1)
  3 rats
254 creatures vanquished.

Vanquished Creatures (collateral kills)
  An elephant (D:9)
  A blink frog (D:9)
  A yak (D:9)
  An orc warrior (D:8)
  A killer bee (D:8)
  A howler monkey (D:9)
  An orc priest (D:8)
  An orc (D:8)
8 creatures vanquished.

Vanquished Creatures (others)
  6 ancestors
6 creatures vanquished.

Grand Total: 268 creatures vanquished

Notes
Turn   | Place    | Note
-------+----------+-------------------------------------------
     0 | D:1      | adelrune the Coglin Hunter began the quest for the Orb.
     0 | D:1      | Reached XP level 1. HP: 16/16 MP: 1/1
    24 | D:1      | Reached XP level 2. HP: 22/22 MP: 2/2
   134 | D:1      | Reached skill level 4 in Ranged Weapons
   161 | D:1      | Reached XP level 3. HP: 28/28 MP: 3/3
   901 | D:2      | Reached XP level 4. HP: 34/34 MP: 4/4
  1403 | D:3      | Reached XP level 5. HP: 41/41 MP: 5/5
  1590 | D:3      | Noticed Ijyb
  1612 | D:3      | Reached skill level 5 in Ranged Weapons
  1713 | D:3      | Killed Ijyb
  2041 | D:3      | Got the Collected Works on Changed Fever
  2110 | D:4      | Reached XP level 6. HP: 47/47 MP: 6/6
  3184 | D:4      | Found Pucker's Jewellery Shop.
  3239 | D:5      | Entered Level 5 of the Dungeon
  3307 | D:5      | Reached XP level 7. HP: 54/54 MP: 7/7
  3335 | D:5      | Reached skill level 6 in Ranged Weapons
  3747 | D:5      | Noticed Menkaure
  3751 | D:5      | Killed Menkaure
  4022 | D:6      | Reached XP level 8. HP: 61/61 MP: 8/8
  4026 | D:6      | Noticed Jeremiah
  4041 | D:6      | Found Ororouq's Antique Armour Shop.
  4090 | D:6      | Reached skill level 7 in Ranged Weapons
  4102 | D:6      | Bought a pair of embroidered gloves for 202 gold pieces
  4246 | D:5      | Reached skill level 5 in Fighting
  4261 | D:6      | Reached skill level 1 in Stealth
  4372 | D:6      | Killed Jeremiah
  4567 | D:6      | Reached skill level 5 in Dodging
  4580 | D:6      | Noticed Prince Ribbit
  4583 | D:6      | Killed Prince Ribbit
  4597 | D:6      | Reached XP level 9. HP: 61/68 MP: 9/9
  4671 | D:6      | Reached skill level 8 in Ranged Weapons
  4939 | D:6      | Found an iron altar of Okawaru.
  4939 | D:6      | Found an ornate altar of the Wu Jian Council.
  4948 | D:6      | Found a shimmering blue altar of Sif Muna.
  4950 | D:6      | Found a burning altar of Makhleb.
  4951 | D:6      | Found a snail-covered altar of Cheibriados.
  4956 | D:6      | Found a shadowy altar of Dithmenos.
  4958 | D:6      | Found a broken altar of Ashenzari.
  5317 | D:7      | Found a burning altar of Makhleb.
  5392 | D:7      | Found a staircase to the Ecumenical Temple.
  5403 | Temple   | Entered the Ecumenical Temple
  5418 | Temple   | Became a worshipper of Hepliaklqana the Forgotten
  6287 | D:8      | Noticed Grum
  6314 | D:8      | Killed Grum
  6486 | D:8      | Noticed a kobold demonologist
  6508 | D:8      | Killed a kobold demonologist
  6509 | D:8      | Reached skill level 9 in Ranged Weapons
  6557 | D:8      | Reached XP level 10. HP: 77/77 MP: 10/10
  7467 | D:8      | Noticed Maggie
  7500 | D:8      | Killed Maggie
  7501 | D:8      | Reached skill level 10 in Ranged Weapons
  7501 | D:8      | Reached skill level 5 in Stealth
  7501 | D:8      | Found a white marble altar of Elyvilon.
  7523 | D:8      | Reached * piety under Hepliaklqana
  7609 | D:8      | Found a glowing silver altar of Zin.
  7673 | D:8      | Noticed Pikel
  7908 | D:8      | Killed Pikel
  8161 | D:8      | Found a roughly hewn altar of Beogh.
  8335 | D:9      | Reached XP level 11. HP: 77/77 MP: 11/11
  8336 | D:9      | Found a bloodstained altar of Trog.
  8613 | D:9      | Found a radiant altar of Vehumet.
  8705 | D:9      | Reached skill level 11 in Ranged Weapons
  9138 | D:9      | Noticed a two-headed ogre
  9138 | D:9      | Noticed a two-headed ogre
  9156 | D:9      | Killed a two-headed ogre
  9175 | D:9      | Found a staircase to the Lair.
  9188 | Lair:1   | Entered Level 1 of the Lair of Beasts
  9308 | D:9      | Mangled by a blink frog

Illustrated notes

Levels and vault maps discovered:
D:1:      dpeg_arrival_tiny_a, layout_loops_ring, dreamdust_mushroom_princess
D:2:      layout_basic
D:3:      layout_loops_ring, hex_large, uniq_ijyb
D:4:      layout_gridville, serial_shops, shop
D:5:      layout_loops_ring, hangedman_abyss_or_decor_lesser_grid,
          minmay_misc_feat_plants, minmay_misc_feat_rugged, uniq_menkaure
D:6:      layout_loops_ring, nicolae_overflow_hallway_of_the_gods, serial_shops,
          nicolae_shop_tiny_glass, kennysheep_diamond, uniq_jeremiah,
          uniq_prince_ribbit1
D:7:      layout_basic, minmay_temple_entry_junction, david_defended_altar_orc
D:8:      layout_loops_ring, lemuel_doored_altar,
          nicolae_elyvilon_peaceful_grove, special_room [special_room_orc],
          minmay_circle_x, uniq_maggie, uniq_grum, uniq_pikel
D:9:      minmay_bubble_buster, layout_cave_pools, lemuel_crystal_altar,
          vehumet_crystals, grunt_lair_entry_orc_guard_hut
Temple:   jpeg_temple_clearing
Lair:1:   lemuel_ratsnest, layout_cave_pods

Skill      XL: |  1  2  3  4  5  6  7  8  9 10 11 |
---------------+----------------------------------+-----
Dodging        | 2 3 4 5 6 7 |  7.9
Ranged Weapons | 4 5 6 7 9 10 11 | 11.4
Fighting       | 3 4 5 6 7 8 |  8.6
Stealth        | 2 4 5 6 |  6.3

Action                     |  1- 3 |  4- 6 |  7- 9 | 10-12 || total
---------------------------+-------+-------+-------+-------++-------
   Fire: Sling             |   142 |   338 |   668 |   934 ||  2082
 Invoke: Recall Ancestor   |       |       |       |     1 ||     1
  Evoke: Wand              |       |       |     9 |     6 ||    15
    Use: Scroll            |       |       |       |     2 ||     2
         Potion            |       |       |       |     2 ||     2
 Armour: Leather armour    |     4 |    42 |    80 |   134 ||   260
  Dodge: Dodged            |     5 |    35 |   127 |   222 ||   389

Table legend: (Time is in decaauts)
 A = Elapsed time spent in this place.
 B = Non-inter-level travel time spent in this place.
 C = Inter-level travel time spent in this place.
 D = Time resting spent in this place.
 E = Time spent auto-exploring this place.
 F = Levels seen in this place.
 G = Mean time per level.
                   A        B        C        D        E       F      G
               +--------+--------+--------+--------+--------+-----+--------+
         Total |   9348 |   9042 |    306 |   1746 |   5199 |  11 |  849.8 |
       Dungeon |   9311 |   9033 |    278 |   1746 |   5199 |   9 | 1034.6 |
        Temple |     30 |      2 |     28 |      0 |      0 |   1 |   30.0 |
          Lair |      6 |      6 |      0 |      0 |      0 |   1 |    6.0 |
               +--------+--------+--------+--------+--------+-----+--------+

Top non-repeatable levels by time:
     D:8: 1820 daAuts
     D:6: 1271 daAuts
     D:7: 1148 daAuts
     D:3: 1090 daAuts
     D:9: 976 daAuts
     D:4: 854 daAuts
     D:5: 805 daAuts
     D:2: 765 daAuts
     D:1: 577 daAuts
  Temple: 30 daAuts
  Lair:1: 6 daAuts
